 Dungeon Crawl Stone Soup version 0.27.0-1-g7a089689b8 (webtiles) character file.

Game seed: 9048794115801868807

137 SnakkuSnakku7 the Conjurer (level 5, -1/35 HPs)
             Began as a Vampire Conjurer on Aug 15, 2021.
             Succumbed to a goblin's poison
             ... on level 3 of the Dungeon.
             The game lasted 00:04:52 (1806 turns).

SnakkuSnakku7 the Conjurer (Vampire Conjurer)       Turns: 1806, Time: 00:04:52

Health: -1/35      AC:  3    Str:  4 (6)  XL:     5   Next: 0%
Magic:  6/8        EV: 12    Int: 19 (22) God:
Gold:   32         SH:  0    Dex:  9 (12) Spells: 5/8 levels left

rFire    . . .     SeeInvis +   b - +0 spear
rCold    . . .     Faith    .   (no shield)
rNeg     . . .     Spirit   .   a - +0 robe
rPois    .         Reflect  .   (no helmet)
rElec    .         Harm     .   e - +0 cloak
rCorr    +         Rampage  .   (no gloves)
Will     .....                  (no boots)
Stlth    ++........             (no amulet)
HPRegen  0.31/turn              k - ring of resist corrosion
MPRegen  0.11/turn              (no ring)

@: lethally poisoned (-1 -> -14), healing quickly
A: alive, fangs 3, see invisible, vampiric 2
a: Exsanguinate


You were on level 3 of the Dungeon.
You visited 1 branch of the dungeon, and saw 3 of its levels.

You collected 32 gold pieces.

Inventory:

Hand Weapons
 b - a +0 spear (weapon)
Armour
 a - a +0 robe (worn)
 e - a +0 cloak (worn)
Jewellery
 k - a ring of resist corrosion (left hand)
Scrolls
 c - a scroll of fog {unknown}
 h - a scroll of acquirement {unknown}
 i - 4 scrolls of identify {unknown}
 j - a scroll of amnesia {unknown}
Potions
 d - a potion of ambrosia {unknown}
 f - a potion of curing {unknown}
 g - a potion of flight {unknown}
 l - a potion of degeneration


   Skills:
 - Level 2.1 Dodging
 - Level 3.0 Stealth
 - Level 2.0 Spellcasting
 + Level 4.8 Conjurations


You had 5 spell levels left.
You knew the following spells:

 Your Spells              Type           Power      Damage    Failure   Level
a - Searing Ray           Conj           40%        3d4       3%          2
b - Magic Dart            Conj           80%        1d7       2%          1

Your spell library contained the following spells:

 Spells                   Type           Power      Damage    Failure   Level
 Dazzling Flash           Conj/Hex       22%        N/A       19%         3
 Fulminant Prism          Conj/Hex       5%         3d7       54%         4
 Iskenderun's Mystic Bla  Conj/Tloc      11%        2d4       54%         4


Dungeon Overview and Level Annotations

Branches:
Dungeon (3/15)

Altars:
Gozag

Annotations:
D:3 3 runed translucent doors, benadryl's ghost, amateur GrFi


Innate Abilities, Weirdness & Mutations

Your natural rate of healing is accelerated.
You have razor-sharp teeth.
You have supernaturally acute eyesight. (SInv)
You are afflicted with vampirism and can become a bat while bloodless.


Message History

You barely miss the hobgoblin.
The goblin shoots a stone.
The stone closely misses you. The hobgoblin misses you.
You hit the hobgoblin but do no damage.
The goblin shoots a stone.
The stone hits you but does no damage. The hobgoblin hits you.
You hit the hobgoblin but do no damage. The hobgoblin hits you.
The goblin unwields a +0 hunting sling.
The goblin wields a +1 dagger of venom.
It begins to drip with poison!
The goblin closely misses you.
You hit the hobgoblin but do no damage. The hobgoblin hits you.
The goblin hits you but does no damage.
You hit the hobgoblin but do no damage. The hobgoblin completely misses you.
The goblin closely misses you. The hobgoblin hits you.
You hit the hobgoblin but do no damage.
The goblin hits you with a +1 dagger of venom.
You are poisoned.
The hobgoblin closely misses you.
You barely miss the hobgoblin.
You feel very sick.
The goblin hits you with a +1 dagger of venom.
You are lethally poisoned!
The hobgoblin misses you.
Aiming: Magic Dart (safe; 1% risk of failure)
Press: ? - help, Q - select action, (/) - cycle Shift-Dir - straight line, f - goblin
Aim: a goblin, wielding a +1 dagger of venom and quivering stones (100% to hit)
The magic dart hits the goblin.
You kill the goblin!
* * * LOW HITPOINT WARNING * * *
You feel very sick. The hobgoblin hits you.
* * * LOW HITPOINT WARNING * * *
You have reached level 5!
You feel clever.
It was a potion of degeneration.
There was something very wrong with that liquid.
You feel weakened.
You feel dopey.
You feel clumsy.
* * * LOW HITPOINT WARNING * * *
You feel very sick. The hobgoblin hits you.
* * * LOW HITPOINT WARNING * * *
It was a potion of cancellation.
You feel magically purged.
You die...

### ..#
.##########.#
..........).#######
...................
..............)....
..####.#g#.########
#.....@#)########...
#.###.)#............
#...<.....g..####
#####.######.#
........# #.####
.......#.# #.g).#
........#.# ####g#
#........#.# #..#)#
#........#.####....#


You could see a hobgoblin.

Vanquished Creatures
  Robin (D:3)
  6 adders
  2 dart slugs (D:3)
  4 ball pythons (D:2)
  2 endoplasms
  3 giant cockroaches (D:2)
  10 goblins
  10 hobgoblins
  6 jackals (D:2)
  7 kobolds
  3 quokkas (D:2)
  4 bats
  A frilled lizard (D:1)
  4 rats
63 creatures vanquished.

Notes
Turn   | Place    | Note
-------+----------+-------------------------------------------
     0 | D:1      | SnakkuSnakku7 the Vampire Conjurer began the quest for the
                  | Orb.
     0 | D:1      | Reached XP level 1. HP: 13/13 MP: 3/3
   135 | D:1      | Reached skill level 3 in Conjurations
   433 | D:1      | Found a faded altar of an unknown god.
   516 | D:1      | Reached XP level 2. HP: 13/19 MP: 0/5
   605 | D:1      | Learned a level 2 spell: Searing Ray
   824 | D:2      | Gained mutation: You are afflicted with vampirism and can
                  | become a bat while bloodless. [Vampire growth]
   824 | D:2      | Reached XP level 3. HP: 24/24 MP: 1/6
   865 | D:2      | Reached skill level 4 in Conjurations
  1020 | D:2      | Reached XP level 4. HP: 30/30 MP: 7/7
  1584 | D:3      | Found a runed translucent gate.
  1585 | D:3      | Found a runed translucent gate.
  1597 | D:3      | Found an opulent altar of Gozag.
  1598 | D:3      | Found a runed translucent gate.
  1600 | D:3      | Noticed benadryl's ghost (amateur GrFi)
  1666 | D:3      | Noticed Robin
  1684 | D:3      | Killed Robin
  1805 | D:3      | Reached XP level 5. HP: 8/35 MP: 6/8
  1806 | D:3      | Succumbed to a goblin's poison

Illustrated notes

Levels and vault maps discovered:
D:1:      evilmike_arrival_hilbert_curve, layout_loops_ring,
          hellmonk_ecumenical_altar_leap_of_faith, nrook_mini_vaults
D:2:      layout_basic, minmay_joined_circles
D:3:      layout_basic, nicolae_overflow_hidden_temple, ebering_ghost_gozag,
          serial_glass, glass_columns_a, glass_columns_b, uniq_ijyb, uniq_robin

Skill      XL: |  1  2  3 |
---------------+----------+-----
Conjurations   | 3 4 |  4.8
Dodging        | |  2.1
Stealth        | |  3.0
Spellcasting   | |  2.0

Action                   |  1- 3 |  4- 6 || total
-------------------------+-------+-------++-------
Melee: Spear             |    83 |   109 ||   192
       Bite              |     8 |     2 ||    10
 Cast: Magic Dart        |    29 |    33 ||    62
       Searing Ray       |     1 |     2 ||     3
  Use: Potion            |       |     2 ||     2
 Stab: Sleeping          |     1 |     1 ||     2
Armor: Robe              |    25 |    30 ||    55
Dodge: Dodged            |    81 |    87 ||   168
